 Dungeon Crawl Stone Soup version 0.20.1-2-g1830e616b0 (webtiles) character file.

53 Alfie the Shooter (level 3, 0/30 HPs)
             Began as a Minotaur Hunter on Feb 12, 2020.
             Slain by Alfie's ghost (12 damage)
             ... on level 3 of the Dungeon.
             The game lasted 00:03:53 (1221 turns).

Alfie the Shooter (Minotaur Hunter)                 Turns: 1221, Time: 00:03:54

Health: 0/30       AC:  3    Str: 17    XL:     3   Next: 62%
Magic:  0/2        EV: 12    Int:  8    God:
Gold:   59         SH:  0    Dex: 10    Spells: 2/2 levels left

rFire    . . .     SeeInvis .   a - +1 shortbow
rCold    . . .     Gourm    .   (shield currently unavailable)
rNeg     . . .     Faith    .   c - +0 leather armour
rPois    .         Spirit   +   (helmet restricted)
rElec    .         Reflect  .   (no cloak)
rCorr    .         Harm     .   (no gloves)
MR       .....                  (no boots)
Stlth    +.........             n - amulet of guardian spirit
Regen    0.1/turn               (no ring)
MPRegen  0.1/turn               (no ring)

@: no status effects
A: retaliatory headbutt, horns 2
a: no special abilities


You were on level 3 of the Dungeon.
You were not hungry.

You visited 1 branch of the dungeon, and saw 3 of its levels.

You collected 59 gold pieces.

Inventory:

Hand Weapons
 a - a +1 shortbow (weapon)
 b - a +0 short sword
Missiles
 d - 4 arrows (quivered)
Armour
 c - a +0 leather armour (worn)
 l - a +0 pair of gloves
Jewellery
 n - an amulet of guardian spirit (around neck)
Scrolls
 g - 3 scrolls of identify
 i - a scroll of remove curse {unknown}
 j - a scroll of teleportation
 m - 2 scrolls of random uselessness {unknown}
Potions
 e - 2 potions of degeneration {unknown}
 f - a potion of cancellation {unknown}
 k - 2 potions of haste {unknown}
Comestibles
 h - a meat ration
 o - a bread ration


   Skills:
 + Level 2.8 Fighting
 + Level 0.9 Short Blades
 + Level 5.3 Bows
 + Level 0.2 Armour
 + Level 2.5 Dodging
 + Level 0.7 Stealth


You had 2 spell levels left.
You didn't know any spells.

Dungeon Overview and Level Annotations

Branches:
Dungeon (3/15)

Altars:

Annotations:
D:3 Alfie's ghost, amateur MiHu


Innate Abilities, Weirdness & Mutations

You reflexively headbutt those who attack you in melee.
You have a pair of horns on your head.


Message History

Press: ? - help, Shift-Dir - straight line, f/p - Alfie's ghost
Aim: Alfie's ghost (heavily damaged)
You shoot an arrow.
The arrow hits Alfie's ghost but does no damage.
Alfie's ghost is heavily damaged.
Alfie's ghost misses you.
Firing (i - inventory):
d - 6 arrows (quivered)
Press: ? - help, Shift-Dir - straight line, f/p - Alfie's ghost
Aim: Alfie's ghost (heavily damaged)
You shoot an arrow.
The arrow hits Alfie's ghost but does no damage.
Alfie's ghost is heavily damaged.
Alfie's ghost barely misses you.
Firing (i - inventory):
d - 5 arrows (quivered)
Press: ? - help, Shift-Dir - straight line, f/p - Alfie's ghost
Aim: Alfie's ghost (heavily damaged)
You shoot an arrow. The arrow hits Alfie's ghost.
Alfie's ghost is severely damaged.
Alfie's ghost hits you!
You die...

##.## #...#
#...##########
#...##.......# .
####...#...## #.. .(
#............###.# #s.
..............##.# ..
#............)##s###.#
###.........).@Wg.(..#
#.........##.###.(.##
#.........##.# ##.##
#.........##.# (...
##.......###.# #.#.#
.....# #.# .....#
#...# #.. ..# .# ###
#.. ..


You could see Alfie's ghost, a giant cockroach and a goblin.

Vanquished Creatures
  An adder (D:2)
  An ooze (D:2)
  2 worms (D:2)
  A ball python (D:2)
  5 bats
  4 goblins
  6 hobgoblins
  3 jackals (D:2)
  2 frilled lizards
  4 kobolds
  5 rats
34 creatures vanquished.

Notes
Turn   | Place    | Note
-------+----------+-------------------------------------------
     0 | D:1      | Alfie the Minotaur Hunter began the quest for the Orb.
     0 | D:1      | Reached XP level 1. HP: 18/18 MP: 0/0
   290 | D:1      | Reached XP level 2. HP: 22/25 MP: 1/1
   492 | D:2      | Reached skill level 5 in Bows
   674 | D:2      | Reached XP level 3. HP: 19/30 MP: 2/2
  1141 | D:3      | Found a faded altar of an unknown god.
  1208 | D:3      | Noticed Alfie's ghost (amateur MiHu)
  1221 | D:3      | Slain by Alfie's ghost

Skill      XL: |  1  2 |
---------------+-------+-----
Bows           | 5 |  5.3
Fighting       | |  2.8
Short Blades   | |  0.9
Armour         | |  0.2
Dodging        | |  2.5
Stealth        | |  0.7

Action                   || total
-------------------------++-------
Melee: Short sword       ||    53
       Headbutt          ||     4
 Fire: Shortbow          ||    38
  Use: Scroll            ||     4
  Eat: Bread ration      ||     1
Armor: Leather armour    ||    14
Dodge: Dodged            ||    47
